 Dungeon Crawl Stone Soup version 0.31.0-9-g3a7656b989 (webtiles) character file.

Game seed: 6090497698535886972

53 Gottschkopf the Ruffian (level 3, -8/28 HPs)
             Began as a Draconian Shapeshifter on Jan 29, 2024.
             Mangled by Sigmund
             ... wielding a +0 scythe
              (10 damage)
             ... on level 2 of the Dungeon.
             The game lasted 00:04:23 (1510 turns).

Gottschkopf the Ruffian (Draconian Shapeshifter)    Turns: 1510, Time: 00:04:23

Health: -8/28      AC:  5    Str: 18    XL:     3   Next: 62%
Magic:  3/3        EV: 12    Int: 10    God:
Gold:   84         SH:  0    Dex: 10    Spells: 2/2 levels left

rFire   . .          .
                       - Unarmed
rCold   . . .        (no shield)
rNeg    . . .        (body armour unavailable)
rPois   .            (helmet currently unavailable)
rElec   .            (cloak currently unavailable)
rCorr   .            d - melded +0 pair of gloves
SInv    .            i - melded +0 pair of boots
Will    .....        (no amulet)
Stlth   +            (no ring)
HPRegen 0.24/turn    (no ring)
MPRegen 0.08/turn

%: no passive effects
@: beast-form
A: beast (slay +2), AC +5, unfitting armour, cold-blooded
a: Begin Untransformation


You were on level 2 of the Dungeon.
You were a hulking beast.
You visited 1 branch of the dungeon, and saw 2 of its levels.

You collected 84 gold pieces.

Inventory:

Armour
 d - a +0 pair of gloves (melded)
 i - a +0 pair of boots (melded)
Jewellery
 h - a ring of fire
Talismans
 b - a beast talisman (active)
 c - a flux talisman
Scrolls
 e - 2 scrolls of identify {unknown}
 j - a scroll of vulnerability {unknown}
 m - a scroll of revelation {unknown}
Potions
 a - a potion of lignification
 f - 2 potions of berserk rage {unknown}
 g - a potion of might {unknown}
 k - a potion of curing {unknown}
 l - a potion of magic {unknown}


   Skills:
 - Level 1.1 Fighting
 - Level 1.7 Dodging
 + Level 4.1 Unarmed Combat
 - Level 3.5 Shapeshifting


You had 2 spell levels left.
You didn't know any spells.
Your spell library was empty.

Dungeon Overview and Level Annotations

Branches:
Dungeon (2/15)

Altars:

Shops:
D:2 :

Annotations:
D:2 Sigmund


Innate Abilities, Weirdness & Mutations

You are a hulking beast.
Your limbs bulge with bestial killing power. (Slay +2)
Your plain brown scales are hard. (AC +5)
You cannot fit into any form of body armour.
You are cold-blooded and may be slowed by cold attacks.


Message History

The adder closely misses you.
You hit the adder.
The adder is lightly wounded.
The adder barely misses you.
You punch the adder!
You kill the adder!
Your Unarmed Combat skill increases to level 4!
No target in view!
m - a scroll labelled KIGGOMOUHA Sigmund and a rat come into view.
Sigmund shouts!
Sigmund casts a spell at you. The puff of flame hits you! Sigmund misses you.
You hit Sigmund but do no damage. Sigmund casts a spell at you.
You are confused.
You are too confused!
You are too confused!
You are too confused!
Sigmund hits you from afar with a +0 scythe.
You bump into the rock wall.
Sigmund looks at you with fury. Sigmund misses you.
You bump into the rock wall.
Sigmund gestures wildly while chanting.
Sigmund flickers and vanishes!
Deactivating autopickup; reactivate with Ctrl-A.
You're too confused to move!
Something hits you!
You're too confused to move!
You hear some strange, mumbled words.
A magic dart appears from out of thin air!
The magic dart hits you.
You hit something. You barely miss something.
You feel less confused. Something hits you!
* * * LOW HITPOINT WARNING * * *
You miss something.
Your tail-slap misses something.
Something hits you!
You die...

#.#.###.##≈.
####.##.#.####'
#........##....
#.##.##.###.##.
#.##.##.### #.
#........# #.
#..####..## ##.
.##.######..####..##.#..
.....r{h................
###.#######.#.##.######.
#......# #.. ######.####
#.. #.......# #..
#.#####.# #.. ########.#
#># #.. #.....#..#
#.#######.. #........#
#.#........


You could see a rat.

Vanquished Creatures
  An adder (D:2)
  4 ball pythons
  5 bats
  3 endoplasms (D:2)
  A giant cockroach (D:1)
  5 goblins
  5 hobgoblins (D:1)
  2 kobolds (D:2)
  3 quokkas
  4 frilled lizards
  9 rats
42 creatures vanquished.

Notes
Turn   | Place    | Note
-------+----------+-------------------------------------------
     0 | D:1      | Gottschkopf the Draconian Shapeshifter began the quest for
                  | the Orb.
     0 | D:1      | Reached XP level 1. HP: 16/16 MP: 1/1
   259 | D:1      | Reached XP level 2. HP: 19/23 MP: 2/2
   997 | D:2      | Reached XP level 3. HP: 26/28 MP: 3/3
  1059 | D:2      | Found a faded altar of an unknown god.
  1368 | D:2      | Found Weyt's Book Shoppe.
  1452 | D:2      | Reached skill level 4 in Unarmed Combat
  1497 | D:2      | Noticed Sigmund
  1510 | D:2      | Mangled by Sigmund

Illustrated notes

Levels and vault maps discovered:
D:1:      dpeg_arrival_subterranean_lakeside_camping, layout_basic
D:2:      layout_loops_cross, shapermc_ecumenical_altar_acropolis, serial_shops,
          nicolae_shop_hallway_plus, serial_park_tiny_pond, uniq_sigmund

Skill      XL: |  1  2  3 |
---------------+----------+-----
Unarmed Combat | 4 |  4.1
Fighting       | |  1.1
Dodging        | |  1.7
Shapeshifting  | |  3.5

Action                     || total
---------------------------++-------
  Melee: Unarmed           ||   100
         Tailslap          ||    14
         Punch             ||     1
Ability: Begin Untransform ||     1
 Armour: Skin              ||    48
  Dodge: Dodged            ||    67
   Form: Beast             ||     3
                           ||     1
